 Dungeon Crawl Stone Soup version 0.31.0-11-ge490571c62 (webtiles) character file.

Game seed: 2763874588129369335

1833 browni3141 the Cleaver (level 8, -4/73 HPs)
             Began as a Minotaur Fighter on Jan 28, 2024.
             Was a Believer of Okawaru.
             Slain by a gnoll
             ... wielding a +2 whip of electrocution
             ... led by a gnoll sergeant
              (19 damage)
             ... on level 7 of the Dungeon.
             The game lasted 00:02:58 (4762 turns).

browni3141 the Cleaver (Minotaur Fighter)           Turns: 4762, Time: 00:02:58

Health: -4/73      AC: 15    Str: 23    XL:     8   Next: 86%
Magic:  0/16       EV:  8    Int:  5    God:    Okawaru [**....]
Gold:   100        SH:  6    Dex: 10    Spells: 7/7 levels left

rFire   + . .        a - +0 war axe
rCold   + . .        c - +0 buckler
rNeg    . . .        q - +0 plate armour
rPois   .            (helmet restricted)
rElec   .            p - +2 cloak
rCorr   .            (no gloves)
SInv    .            z - +0 pair of boots
Will    +....        k - amulet of guardian spirit Stlth
                     d - ring of magical power
HPRegen 0.32/turn    A - ring of protection from fire
MPRegen 0.15/turn

%: guardian spirit
@: heroic, hasted, very quick
A: horns 2, retaliatory headbutt, hooves 1, cold resistance 1, deformed body,
strong-willed 1
a: Renounce Religion, Heroism


You were on level 7 of the Dungeon.
You worshipped Okawaru.
Okawaru was pleased with you.
You visited 2 branches of the dungeon, and saw 8 of its levels.

You collected 282 gold pieces.
You spent 182 gold pieces at shops.

Inventory:

Hand Weapons
 a - a +0 war axe (weapon)
Armour
 b - a +0 scale mail
 c - a +0 buckler (worn)
 i - a +0 cloak
 p - a +2 cloak (worn)
 q - a +0 plate armour (worn)
 z - a +0 pair of boots (worn)
Jewellery
 d - a ring of magical power (left hand)
 k - an amulet of guardian spirit (around neck)
 A - a ring of protection from fire (right hand)
Scrolls
 g - 3 scrolls of fog
 l - 3 scrolls of amnesia
 m - 5 scrolls of teleportation
 n - a scroll of vulnerability
 s - 2 scrolls of immolation {unknown}
 t - 2 scrolls of revelation {unknown}
 y - a scroll of enchant armour {unknown}
Potions
 e - a potion of enlightenment
 f - a potion of cancellation
 j - a potion of haste
 o - a potion of curing
 u - a potion of heal wounds
 v - a potion of berserk rage {unknown}
 w - a potion of brilliance {unknown}
 x - a potion of magic {unknown}


   Skills:
 + Level 7.1(12.1) Fighting
 * Level 9.1(14.1) Axes
 + Level 7.1(12.1) Armour
 + Level 7.1(12.1) Shields


You had 7 spell levels left.
You didn't know any spells.
Your spell library contained the following spells:

 Spells                   Type           Power      Damage    Failure   Level
 Gell's Gravitas          Tloc           0%         N/A       100%        3
 Hailstorm                Conj/Ice       0%         3d5       100%        3
 Teleport Other           Tloc           0%         N/A       100%        3
 Dispersal                Tloc           0%         N/A       100%        6
 Summon Ice Beast         Ice/Summ       Unusable   N/A       N/A         3
 Sculpt Simulacrum        Ice/Alch       Unusable   N/A       N/A         6

Dungeon Overview and Level Annotations

Branches:
Dungeon (7/15)             Temple (1/1) D:4

Altars:
Ashenzari
Elyvilon
Fedhas
Hepliaklqana
Makhleb
Nemelex Xobeh
Okawaru
Qazlal
Ru
Sif Muna
Uskayaw
Vehumet
Wu Jian
Xom
Yredelemnul
Zin
The Shining One

Shops:
D:5 *


Innate Abilities, Weirdness & Mutations

You have a pair of horns on your head.
You reflexively headbutt those who attack you in melee.
You have large cloven feet.
Your flesh is cold resistant. (rC+)
Armour fits poorly on your strangely shaped body.
You are strong-willed. (Will+)


Message History

The two-headed ogre barely misses you.
The two-headed ogre hits you with a +0 giant club!!
You slash the two-headed ogre!
The two-headed ogre is severely wounded.
You feel like a meek peon again.
The gnoll sergeant hits you from afar with a +0 spear.
You slash the two-headed ogre!
Your headbutt misses the two-headed ogre.
The two-headed ogre is almost dead.
The two-headed ogre hits you with a +0 giant club. x2
The gnoll sergeant hits you from afar with a +0 spear!
You hit the two-headed ogre.
You kill the two-headed ogre!
Okawaru is honoured by your kill.
The gnoll sergeant hits you but does no damage.
Your Fighting skill increases to level 7!
Your Axes skill gained 2 levels and is now at level 9!
Your Armour skill increases to level 7!
Your Shields skill increases to level 7!
Throw: 5 javelins
Press: ? - help, Q - select action, (/) - cycle Shift-Dir - straight line, f - gnoll sergeant
Aim: a gnoll sergeant, wielding a +0 spear and wearing a +0 ring mail (lightly wounded, 64% to hit)
Okay, then.
Throw: 5 javelins
Press: ? - help, Q - select action, (/) - cycle Shift-Dir - straight line, f/p - gnoll
Aim: a gnoll, wielding a +0 halberd (60% to hit)
You throw a javelin.
The javelin barely misses the gnoll sergeant.
The javelin barely misses the gnoll.
The javelin pierces through the gnoll!
The gnoll is severely wounded.
You block the gnoll sergeant's attack.
Throw: 4 javelins
Press: ? - help, Q - select action, (/) - cycle Shift-Dir - straight line, p - gnoll You throw a javelin.
The javelin pierces through the gnoll sergeant.
The gnoll sergeant is lightly wounded.
The javelin pierces through the gnoll but does no damage.
The javelin barely misses the gnoll.
You block the gnoll sergeant's attack.
Throw: 3 javelins
Press: ? - help, Q - select action, (/) - cycle Shift-Dir - straight line, f - gnoll
Aim: a gnoll, wielding a +0 halberd (60% to hit)
You throw a javelin.
The javelin pierces through the gnoll sergeant.
The gnoll sergeant is lightly wounded.
The javelin closely misses the gnoll.
You hear the faint creaking of a very distant portcullis.
You block the gnoll sergeant's attack. The gnoll sergeant barely misses you.
Throw: 2 javelins
Press: ? - help, Q - select action, (/) - cycle Shift-Dir - straight line, f - gnoll
Aim: a gnoll, wielding a +0 halberd (severely wounded, 60% to hit)
You throw a javelin.
The javelin barely misses the gnoll sergeant.
The javelin barely misses the gnoll.
The gnoll sergeant barely misses you.
Throw: javelin
Press: ? - help, Q - select action, (/) - cycle Shift-Dir - straight line, f - gnoll
Aim: a gnoll, wielding a +0 halberd (60% to hit)
You throw a javelin.
The javelin barely misses the gnoll sergeant.
The javelin pierces through the gnoll.
The gnoll is moderately wounded.
The gnoll sergeant hits you from afar with a +0 spear!
The gnoll sergeant hits you but does no damage.
You gain the combat prowess of a mighty hero.
The gnoll sergeant hits you from afar with a +0 spear.
It was a potion of enlightenment.
You feel very buoyant.
You fly up into the air.
The gnoll sergeant barely misses you.
It was a potion of cancellation.
Your magical effects are unravelling.
You feel magically purged.
You float gracefully downwards.
Your enlightenment fades.
You block the gnoll sergeant's attack.
It was a potion of haste.
You feel yourself speed up.
The gnoll sergeant hits you from afar with a +0 spear!
It was a potion of curing.
You feel better.
The gnoll sergeant hits you with a +0 spear!
You block the gnoll's attack.
You barely miss the gnoll sergeant.
The gnoll sergeant is lightly wounded.
The gnoll sergeant closely misses you. You furiously retaliate!
You headbutt the gnoll sergeant! You block the gnoll's attack.
The gnoll hits you but does no damage.
You slash the gnoll sergeant!
You headbutt the gnoll sergeant, but do no damage.
The gnoll sergeant is almost dead.
You slash the gnoll sergeant!
You kill the gnoll sergeant!
Okawaru accepts your kill.
The gnoll hits you from afar with a +0 halberd!
The gnoll closely misses you.
It was a potion of heal wounds.
You feel much better.
You closely miss the gnoll. You block the gnoll's attack.
The gnoll hits you but does no damage.
You are electrocuted!
The gnoll hits you but does no damage.
You closely miss the gnoll.
The gnoll hits you with a +2 whip of electrocution.
You are electrocuted!!
You die...

#########
.........
........#
........#
........#
........##
.........#
#########@#
#.......#g#.##.#
##.#####.ggg.....<
#.....#####.#####.
#..##.# .(.
#..##.# .#.#
#..##.## .(..#
#..#...# #( ##
#..#...# ..


You could see 4 gnolls.

Vanquished Creatures
  A two-headed ogre (D:7)
  A water moccasin (D:7)
  Duvessa (D:4)
  2 sky beasts
  An ogre (D:5)
  A phantom (D:5)
  A bullfrog (D:4)
  A gnoll sergeant (D:7)
  Dowan (D:4)
  A howler monkey (D:6)
  2 hounds (D:5)
  A bombardier beetle (D:5)
  Crazy Yiuf (D:2)
  3 iguanas
  An orc wizard (D:3)
  2 scorpion zombies (D:4)
  A hound zombie (D:4)
  3 gnolls (D:2)
  9 adders
  A white imp (D:7)
  2 ufetubi (D:5)
  2 adder zombies (D:4)
  2 dart slugs
  8 orcs
  4 ball pythons
  3 bats (D:1)
  6 endoplasms
  3 giant cockroaches
  5 goblins
  5 hobgoblins
  5 jackals
  A quokka (D:2)
  6 kobolds
  6 rats
93 creatures vanquished.

Notes
Turn   | Place    | Note
-------+----------+-------------------------------------------
     0 | D:1      | browni3141 the Minotaur Fighter began the quest for the
                  | Orb.
     0 | D:1      | Reached XP level 1. HP: 19/19 MP: 0/0
   156 | D:1      | Reached XP level 2. HP: 22/27 MP: 1/1
   591 | D:2      | Reached skill level 3 in Axes
   615 | D:2      | Found a runed translucent door.
   618 | D:2      | Noticed Crazy Yiuf
   647 | D:2      | Reached XP level 3. HP: 32/33 MP: 2/2
   865 | D:2      | Reached XP level 4. HP: 40/40 MP: 3/3
  1040 | D:2      | Reached skill level 4 in Axes
  1121 | D:2      | Killed Crazy Yiuf
  1519 | D:3      | Reached XP level 5. HP: 47/47 MP: 4/4
  1639 | D:3      | Found a hide-covered altar of Uskayaw.
  1643 | D:3      | Noticed a +0 hand axe
  1644 | D:3      | Noticed a +0 hand axe
  2011 | D:4      | Reached skill level 5 in Axes
  2011 | D:4      | Reached XP level 6. HP: 44/55 MP: 5/5
  2048 | D:4      | Found a staircase to the Ecumenical Temple.
  2088 | Temple   | Entered the Ecumenical Temple
  2097 | Temple   | Became a worshipper of Warmaster Okawaru
  2169 | D:4      | Found an ornate altar of the Wu Jian Council.
  2186 | D:4      | Reached skill level 5 in Shields
  2367 | D:4      | Noticed Duvessa
  2367 | D:4      | Noticed Dowan
  2379 | D:4      | Killed Dowan
  2380 | D:4      | Reached skill level 5 in Fighting
  2380 | D:4      | Reached skill level 5 in Armour
  2381 | D:4      | Killed Duvessa
  2544 | D:4      | Found a basalt altar of Yredelemnul.
  2552 | D:4      | Reached skill level 6 in Axes
  2665 | D:4      | Found a radiant altar of Vehumet.
  2869 | D:4      | Reached XP level 7. HP: 61/61 MP: 6/6
  2875 | D:4      | Found a glowing silver altar of Zin.
  3007 | D:4      | Found a blossoming altar of Fedhas.
  3013 | D:4      | Found a glowing golden altar of the Shining One.
  3016 | D:4      | Found a sparkling altar of Nemelex Xobeh.
  3031 | D:5      | Entered Level 5 of the Dungeon
  3222 | D:5      | Identified the +2 dagger of Linearity {freeze, rPois Str+4}
  3352 | D:5      | Reached * piety under Okawaru
  3408 | D:5      | Found Amadumet's General Store.
  3416 | D:5      | Bought a scroll of teleportation for 42 gold pieces
  3416 | D:5      | Bought a scroll of identify for 28 gold pieces
  3416 | D:5      | Bought a potion of mutation for 112 gold pieces
  3416 | D:5      | Gained mutation: Your body sometimes deteriorates upon
                  | taking damage. [potion of mutation]
  3416 | D:5      | Gained mutation: Armour fits poorly on your strangely
                  | shaped body. [potion of mutation]
  3416 | D:5      | Gained mutation: You are partially covered in iridescent
                  | scales. (AC +2) [potion of mutation]
  3417 | D:5      | Lost mutation: Your body sometimes deteriorates upon taking
                  | damage. [potion of mutation]
  3417 | D:5      | Lost mutation: You are partially covered in iridescent
                  | scales. (AC +2) [potion of mutation]
  3417 | D:5      | Gained mutation: Your flesh is cold resistant. (rC+)
                  | [potion of mutation]
  3417 | D:5      | Gained mutation: You have large cloven feet. [potion of
                  | mutation]
  3417 | D:5      | Gained mutation: You have hoof-like feet. [potion of
                  | mutation]
  3418 | D:5      | Lost mutation: Armour fits poorly on your strangely shaped
                  | body. [potion of mutation]
  3418 | D:5      | Lost mutation: You have hoof-like feet. [potion of
                  | mutation]
  3418 | D:5      | Gained mutation: Armour fits poorly on your strangely
                  | shaped body. [potion of mutation]
  3418 | D:5      | Gained mutation: You are strong-willed. (Will+) [potion of
                  | mutation]
  3631 | D:5      | Reached skill level 7 in Axes
  3633 | D:5      | Found a stormy altar of Qazlal.
  4052 | D:6      | Reached XP level 8. HP: 60/70 MP: 7/7
  4729 | D:7      | Noticed a two-headed ogre
  4744 | D:7      | Killed a two-headed ogre
  4744 | D:7      | Reached ** piety under Okawaru
  4745 | D:7      | Reached skill level 9 in Axes
  4762 | D:7      | Slain by a gnoll

Illustrated notes

Levels and vault maps discovered:
D:1:      roderic_octagonal_star, layout_basic
D:2:      layout_basic, chequers_mini_garden, uniq_crazy_yiuf_cottage
D:3:      layout_rooms, dancing_weapons_uskayaw
D:4:      layout_basic, kennysheep_mini, nicolae_yredelemnul_corpse_copse,
          zin_scriptorium, mainiacjoe_overflow_cross_hatched,
          minmay_overflow_temple_star_quad, minmay_temple_entry_hall,
          uniq_duvessa
D:5:      layout_basic, nicolae_qazlal_beasts_of_the_sky, serial_shops, shop
D:6:      layout_loops_ring, minmay_crystal_water, serial_bayou_pond_a
D:7:      minmay_spotlight, layout_basic, grunt_dithmenos_smoke_and_mirrors,
          enter_bailey_2
Temple:   hellmonk_temple_of_storms

Skill      XL: |  1  2  3  4  5  6  7  8 |
---------------+-------------------------+-----
Axes           | 3 4 5 6 7 9 |  9.1
Shields        | 4 5 6 7 |  7.1
Fighting       | 4 5 6 7 |  7.1
Armour         | 4 5 6 7 |  7.1

Action                     |  1- 3 |  4- 6 |  7- 9 || total
---------------------------+-------+-------+-------++-------
  Melee: War axe           |    46 |   128 |   107 ||   281
         Headbutt          |     8 |    18 |    18 ||    44
  Throw: Javelin           |       |       |     6 ||     6
 Invoke: Heroism           |       |       |     2 ||     2
    Use: Potion            |       |     1 |     8 ||     9
         Scroll            |       |       |     3 ||     3
 Armour: Scale mail        |    30 |     8 |       ||    38
         Plate armour      |       |   121 |   101 ||   222
  Dodge: Dodged            |    22 |    41 |    33 ||    96
  Block: Buckler           |    13 |    17 |    33 ||    63
